 Dungeon Crawl Stone Soup version 0.26-a0-591-g04f19ec95a (webtiles) character file.

Game seed: 18020670556895858060

325 ANON1729 the Sneak (level 6, -2/48 HPs)
             Began as a Demonspawn Delver on Aug 24, 2020.
             Was an Initiate of Dithmenos.
             Slain by Edmund
             ... wielding a +2 flail of protection
              (6 damage)
             ... on level 5 of the Dungeon.
             The game lasted 00:06:24 (2617 turns).

ANON1729 the Sneak (Demonspawn Delver)              Turns: 2617, Time: 00:06:24

Health: -2/48      AC:  6    Str: 13    XL:     6   Next: 24%
Magic:  6/6        EV: 13    Int: 11    God:    Dithmenos [......]
Gold:   35         SH:  0    Dex: 16    Spells: 5/5 levels left

rFire    . . .     SeeInvis .   m - +0 long sword
rCold    + . .     Faith    .   (no shield)
rNeg     . . .     Spirit   .   b - +0 leather armour
rPois    .         Reflect  .   (helmet restricted)
rElec    .         Harm     .   i - scarf {+Inv}
rCorr    .                      (no gloves)
MR       .....                  q - +2 pair of boots {Fly}
Stlth    +++.......             (no amulet)
HPRegen  0.16/turn              (no ring)
MPRegen  0.10/turn              (no ring)

@: flying, very slightly contaminated, hasted, very quick
A: antennae 1, cold resistance 1, freezing cloud immunity
a: Renounce Religion, Evoke Invisibility, Stop Flying


You were on level 5 of the Dungeon.
You worshipped Dithmenos.
Dithmenos was noncommittal.
You visited 2 branches of the dungeon, and saw 3 of its levels.

You collected 35 gold pieces.

Inventory:

Hand Weapons
 m - a +0 long sword (weapon)
Armour
 b - a +0 leather armour (worn)
 i - a scarf of invisibility (worn)
 k - a cursed +0 buckler
 q - a +2 pair of boots of flying (worn)
Wands
 g - a wand of digging (3)
 o - a wand of polymorph (11)
Scrolls
 c - a scroll of fog
 d - a scroll of magic mapping
 e - a scroll of fear
 h - a scroll of teleportation {unknown}
 j - a scroll of identify {unknown}
 l - a scroll of enchant armour {unknown}
 p - 2 scrolls of remove curse {unknown}
Potions
 f - a potion of mutation {unknown}
 n - 3 potions of heal wounds {unknown}


   Skills:
 + Level 4.2 Fighting
 + Level 3.2 Long Blades
 + Level 3.2 Dodging
 + Level 5.4 Stealth
 + Level 0.6 Shields
 + Level 1.1 Evocations


You had 5 spell levels left.
You didn't know any spells.
Your spell library was empty.

Dungeon Overview and Level Annotations

Branches:
Dungeon (5/15)             Temple (1/1) D:5

Altars:
Ashenzari
Cheibriados
Dithmenos
Elyvilon
Fedhas
Gozag
Kikubaaqudgha
Makhleb
Nemelex Xobeh
Okawaru
Qazlal
Sif Muna
Uskayaw
Vehumet
Wu Jian
Yredelemnul
Zin

Annotations:
D:5 Edmund


Innate Abilities, Weirdness & Mutations

You have a pair of small antennae on your head.
Your flesh is cold resistant. (rC+)
You are immune to freezing clouds.


Message History

Edmund is almost dead.
Evoke which item? (* to show all) (? for menu, Esc to quit)
Okay, then.
You flicker for a moment.
Edmund hits you with a +2 flail of protection.
* * * LOW HITPOINT WARNING * * *
You are lightly contaminated with residual magic.
You barely miss Edmund.
Edmund is almost dead.
Edmund hits you with a +2 flail of protection!
* * * LOW HITPOINT WARNING * * *
You flicker back into view.
There is an open door here.
Evoke which item? (* to show all) (? for menu, Esc to quit)
Okay, then.
Okay, then.
You feel yourself speed up.
The adder hisses angrily.
Edmund hits you with a +2 flail of protection.
You die...

##...###....######..#.##.##....##
##...#####+#.....#..##.#####.###
...........#.....#...#..###..#
...........#.....#...#.......#
###..##....+.....#)..#...#...#
###..##....#.....'.S.#...#...#
.#...##..###.....##.##'###'#####
.#...##..#....#####.##.#.........
.#...+...'....#.@@S....'.........
.#...#...#....#........#......(..
###'######....#..#######.........
..............#### #....####+###
..............# #....#
..............# +....#
..............#######....#
.........................#
.##+####'#####.......#####


You could see Edmund and an adder.

Vanquished Creatures
  A sky beast (D:5)
  A centaur (D:5)
  A scorpion (D:5)
  A bullfrog skeleton (D:5)
  A worker ant (D:5)
  A worker ant zombie (D:5)
  A howler monkey skeleton (D:5)
  2 adders (D:5)
  An adder zombie (D:5)
  A leopard gecko (D:5)
  3 orcs (D:5)
  A quokka (D:5)
  A leopard gecko skeleton (D:5)
16 creatures vanquished.

Notes
Turn   | Place    | Note
-------+----------+-------------------------------------------
     0 | D:5      | ANON1729 the Demonspawn Delver began the quest for the Orb.
     0 | D:5      | Reached XP level 1. HP: 18/18 MP: 1/1
    47 | D:5      | Noticed Edmund
   198 | D:4      | Noticed a worker ant
   198 | D:4      | Noticed a worker ant
   224 | D:5      | Gained mutation: Your flesh is cold resistant. (rC+)
                  | [demonic ancestry]
   224 | D:5      | Reached XP level 2. HP: 22/24 MP: 2/2
   244 | D:5      | Reached XP level 3. HP: 20/29 MP: 3/3
   266 | D:5      | Noticed a scorpion
   279 | D:5      | Killed a scorpion
   279 | D:5      | Reached skill level 5 in Stealth
   279 | D:5      | Reached XP level 4. HP: 5/36 MP: 4/4
   609 | D:5      | Noticed a sky beast
  1054 | D:5      | Noticed a centaur
  1065 | D:5      | Killed a centaur
  1065 | D:5      | Gained mutation: You are immune to freezing clouds.
                  | [demonic ancestry]
  1065 | D:5      | Reached XP level 5. HP: 24/42 MP: 2/5
  1477 | D:5      | Found a staircase to the Ecumenical Temple.
  1482 | D:5      | Found an ancient bone altar of Kikubaaqudgha.
  1582 | Temple   | Entered the Ecumenical Temple
  1734 | Temple   | Became a worshipper of Dithmenos the Shadowed
  2201 | D:5      | Killed a sky beast
  2201 | D:5      | Reached skill level 1 in Evocations
  2201 | D:5      | Gained mutation: You have a pair of small antennae on your
                  | head. [demonic ancestry]
  2201 | D:5      | Reached XP level 6. HP: 28/48 MP: 6/6
  2605 | D:5      | HP: 2/48 [Edmund/+2 flail of protection (7)]
  2617 | D:5      | Slain by Edmund

Illustrated notes

Levels and vault maps discovered:
D:4:      layout_rooms
D:5:      layout_gridville, lemuel_crystal_altar, minmay_temple_entry_wispy,
          uniq_edmund
Temple:   regret_index_temple_sphere_string

Skill      XL: |  1  2  3  4  5 |
---------------+----------------+-----
Long Blades    | 2 3 |  3.2
Dodging        | 2 3 |  3.2
Stealth        | 5 |  5.4
Fighting       | 4 |  4.2
Evocations     | 1 |  1.1
Shields        | |  0.6

Action                   |  1- 3 |  4- 6 || total
-------------------------+-------+-------++-------
Melee: Falchion          |    33 |    10 ||    43
       Long sword        |       |    87 ||    87
 Abil: Evoke Invisibilit |       |     5 ||     5
  Use: Potion            |     2 |     1 ||     3
 Stab: Sleeping          |     1 |     2 ||     3
       Invisible         |       |     6 ||     6
Armor: Leather armour    |     6 |    21 ||    27
Dodge: Dodged            |    21 |    56 ||    77
       Rpst.: Falchion   |    11 |     2 ||    13
       Long sword        |       |    11 ||    11

Table legend: (Time is in decaauts)
 A = Elapsed time spent in this place.
 B = Non-inter-level travel time spent in this place.
 C = Inter-level travel time spent in this place.
 D = Time resting spent in this place.
 E = Time spent auto-exploring this place.
 F = Levels seen in this place.
 G = Mean time per level.
                   A        B        C        D        E       F      G
               +--------+--------+--------+--------+--------+-----+--------+
         Total |   2633 |   2593 |     40 |   1390 |    742 |   3 |  877.7 |
       Dungeon |   2452 |   2449 |      3 |   1390 |    600 |   2 | 1226.0 |
        Temple |    180 |    143 |     37 |      0 |    142 |   1 |  180.0 |
               +--------+--------+--------+--------+--------+-----+--------+

Top non-repeatable levels by time:
     D:5: 2451 daAuts
  Temple: 180 daAuts
     D:4: 1 daAuts
